 Dungeon Crawl Stone Soup version 0.24.0-125-gc4c63601f3 (webtiles) character file.

Game seed: 7937001915936460376, levelgen mode: deterministic

58 Descartes the Grasshopper (level 3, 0/16 HPs)
             Began as a Felid Warper on Mar 1, 2020.
             Succumbed to an adder's poison
             ... on level 2 of the Dungeon.
             The game lasted 00:04:13 (1245 turns).

Descartes the Grasshopper (Felid Warper)            Turns: 1245, Time: 00:04:14

Health: 0/16       AC:  1    Str:  8    XL:     3   Next: 75%
Magic:  2/7        EV: 19    Int: 14    God:
Gold:   60         SH:  0    Dex: 15    Spells: 2/6 levels left
                                        Lives:  0   Deaths: 0

rFire    . . .     SeeInvis +     - Unarmed
rCold    . . .     Gourm    .   (shield unavailable)
rNeg     . . .     Faith    .   (armour unavailable)
rPois    .         Spirit   .   (helmet unavailable)
rElec    .         Reflect  .   (cloak unavailable)
rCorr    .         Harm     .   (gloves unavailable)
MR       .....                  (boots unavailable)
Stlth    ++........             (no amulet)
HPRegen  0.05/turn              (no ring)
MPRegen  0.10/turn              (no ring)

@: lethally poisoned (0 -> -1), quick
A: very small, no armour, no weapons or thrown items, stealth, claws 1, fangs 3,
see invisible, carnivore, speed 1, shaggy fur 1, slow metabolism 1, sharp paws
a: no special abilities


You were on level 2 of the Dungeon.
You were full.

You visited 1 branch of the dungeon, and saw 2 of its levels.

You collected 60 gold pieces.

Inventory:

Missiles
 d - 29 stones
Jewellery
 f - a cursed ring of teleportation {unknown}
Scrolls
 a - 4 scrolls of identify {unknown}
 b - a scroll of blinking
 e - a scroll of amnesia {unknown}
 g - a scroll of fear {unknown}
 h - a scroll of enchant weapon {unknown}
 i - a scroll of fog {unknown}
Comestibles
 c - 3 rations


   Skills:
 + Level 2.4 Fighting
 + Level 3.6 Dodging
 + Level 1.5 Stealth
 * Level 2.8 Unarmed Combat
 + Level 2.4 Spellcasting
 + Level 0.4 Charms
 + Level 4.5 Translocations


You had 2 spell levels left.
You knew the following spells:

 Your Spells              Type           Power        Failure   Level  Hunger
a - Blink                 Tloc           N/A          5%          2    ###....
b - Shroud of Golubria    Chrm/Tloc      #.....       12%         2    ###....

Your spell library contained the following spells:

 Spells                   Type           Power        Failure   Level  Hunger
 Gell's Gravitas          Tloc           ##........   11%         3    ###....
 Lesser Beckoning         Tloc           ##........   11%         3    ###....
 Teleport Other           Tloc           ##......     11%         3    ###....
 Passage of Golubria      Tloc           N/A          34%         4    #####..


Dungeon Overview and Level Annotations

Branches:
Dungeon (2/15)

Altars:


Innate Abilities, Weirdness & Mutations

You cannot wear armour.
You are incapable of wielding weapons or throwing items.
Your paws allow you to move quietly. (Stealth)
You have sharp claws.
You have razor-sharp teeth.
You have supernaturally acute eyesight. (SInv)
You are carnivorous and can eat meat at any time.
You cover ground quickly.
You are covered in fur. (AC +1)
You have a slow metabolism.
Your sharp claws are effective at attacking unaware monsters.


Message History

You closely miss the adder.
The adder is severely wounded.
* * * LOW HITPOINT WARNING * * *
You feel sick. The adder misses you.
Casting: Blink (safe; 5% risk of failure)
Confirm with . or Enter, or press ? or * to list all spells.
You don't have enough magic to cast that spell.
You scratch the adder.
You kill the adder!
You see here an adder corpse.
You butcher the adder corpse.
Things that are here:
2 chunks of flesh; an adder skeleton
There is a lethal amount of poison in your body!
* * * LOW HITPOINT WARNING * * *
You feel sick.
* * * LOW HITPOINT WARNING * * *
You feel sick.
You aren't carrying any potions.
You die...

.# #.# ##### #.# #...# #.#
+...###.# #....<#.#
#######...###.##############
............@...)...........
###.##.#####.######.###...
###.##.###............+
..............#....#.###
####.##.###...#....#.# ..
#.# #...#....#.# ##
#.###...#....#..
..........#....#..
.##.###........#...


There were no monsters in sight!

Vanquished Creatures
  A gnoll (D:1)
  2 adders (D:2)
  An ooze (D:1)
  A dart slug (D:1)
  3 bats (D:1)
  5 giant cockroaches (D:1)
  A goblin (D:2)
  A hobgoblin (D:1)
  2 frilled lizards (D:1)
  3 kobolds (D:1)
  2 rats (D:1)
22 creatures vanquished.

Notes
Turn   | Place    | Note
-------+----------+-------------------------------------------
     0 | D:1      | Descartes the Felid Warper began the quest for the Orb.
     0 | D:1      | Reached XP level 1. HP: 9/9 MP: 4/4
   181 | D:1      | Reached XP level 2. HP: 13/13 MP: 6/6
   520 | D:1      | Reached skill level 1 in Stealth
   809 | D:1      | Reached XP level 3. HP: 7/16 MP: 7/7
   978 | D:1      | Learned a level 2 spell: Blink
   981 | D:1      | Learned a level 2 spell: Shroud of Golubria
  1245 | D:2      | Succumbed to an adder's poison

Levels and vault maps discovered:
D:1:      saegor_arrival_simple_b, layout_loops_cross, minmay_worlds_worst_comb
D:2:      layout_basic, lemuel_doored_altar, uniq_terence

Skill      XL: |  1  2 |
---------------+-------+-----
Stealth        | 1 |  1.5
Fighting       | |  2.4
Dodging        | |  3.6
Unarmed Combat | |  2.8
Spellcasting   | |  2.4
Charms         | |  0.4
Translocations | |  4.5

Action                   || total
-------------------------++-------
Melee: Unarmed           ||    89
       Bite              ||     3
 Cast: Blink             ||     4
 Stab: Sleeping          ||     5
  Eat: Chunk             ||     4
Armor: Skin              ||     6
Dodge: Dodged            ||    88
